 Dungeon Crawl Stone Soup version 0.30-a0-165-g1891117ce2 (webtiles) character file.

Game seed: 198881890970239469

277 qw the Chopper (level 6, -5/39 HPs)
             Began as a Gargoyle Fighter on Sept 28, 2022.
             Slain by a gnoll
             ... wielding a +1 vorpal spear
              (6 damage)
             ... on level 3 of the Dungeon.
             The game lasted 00:01:21 (3505 turns).

qw the Chopper (Gargoyle Fighter)                   Turns: 3505, Time: 00:01:21

Health: -5/39      AC: 12    Str: 22    XL:     6   Next: 26%
Magic:  6/6        EV:  9    Int:  8    God:
Gold:   110        SH:  4    Dex:  9    Spells: 5/5 levels left

rFire   + . .      SeeInvis .    Y - +1 war axe
rCold   . . .      Faith    .    f - +0 buckler of Cedun {rF+ Will+++}
rNeg    + . .      Spirit   .    b - +0 scale mail
rPois   inf        Reflect  .    (no helmet)
rElec   +          Harm     .    (no cloak)
rCorr   .          Rampage  .    e - +0 pair of gloves
Will    +++..                    (no boots)
Stlth   ..........               h - amulet of the acrobat
HPRegen 0.13/turn                (no ring)
MPRegen 0.10/turn                (no ring)

@: no status effects
A: sickness immunity, AC +4, negative energy resistance 1, electricity
resistance, torment resistance 1, petrification resistance
a: no special abilities


You were on level 3 of the Dungeon.
You visited 1 branch of the dungeon, and saw 3 of its levels.

You collected 110 gold pieces.


Innate Abilities, Weirdness & Mutations

You are immune to sickness and miasma.
Your stone body is resilient. (AC +4)
You are immune to poison.
You resist negative energy. (rN+)
You are resistant to electric shocks. (rElec)
You are resistant to unholy torment.
You are immune to petrification.


   Skills:
 - Level 4.5 Fighting
 + Level 5.0 Axes
 - Level 3.2 Armour
 - Level 1.0 Dodging
 - Level 3.2 Shields


You had 5 spell levels left.
You didn't know any spells.
Your spell library was empty.

Inventory:

Hand Weapons
 m - a +0 mace
 Y - a +1 war axe (weapon)
Armour
 b - a +0 scale mail (worn)
 e - a +0 pair of gloves (worn)
 f - the +0 buckler of Cedun (worn) {rF+ Will+++}
   (You acquired it on level 2 of the Dungeon)

   rF:        It protects you from fire.
   Will:      It greatly increases your willpower.
Jewellery
 h - an amulet of the acrobat (around neck)
Potions
 a - a potion of degeneration {unknown}
 c - a potion of attraction {unknown}
 d - a potion of might
 g - a potion of flight {unknown}
 k - 2 potions of curing

Dungeon Overview and Level Annotations

Branches:
Dungeon (3/15)

Altars:
Kikubaaqudgha
Yredelemnul
Zin
The Shining One

Annotations:
D:2 1 runed translucent door, Crazy Yiuf


Message History

Found 94 gold pieces and a helmet.
You hit the gnoll.
The gnoll is moderately wounded.
You block the gnoll's attack.
The gnoll hits you from afar with a +1 vorpal spear.
The gnoll hits you but does no damage.
The gnoll hits you from afar with a +1 vorpal spear.
The gnoll hits you from afar with a +0 spear.
You slash the gnoll!
You kill the gnoll!
You barely miss the gnoll. The gnoll hits you but does no damage.
The gnoll barely misses you.
You hit the gnoll.
The gnoll is lightly wounded.
The gnoll hits you but does no damage.
The gnoll hits you from afar with a +0 spear.
The kobold throws a poisoned dart.
The poisoned dart hits you! The gnoll barely misses you.
You slash the gnoll!
You kill the gnoll!
You block the gnoll's attack. The gnoll closely misses you.
The gnoll hits you but does no damage.
The gnoll hits you from afar with a +1 vorpal spear.
You block the kobold's attack.
You slash the kobold!
You kill the kobold!
The gnoll closely misses you.
The gnoll hits you from afar with a +0 spear!
You slash the gnoll!
You kill the gnoll!
The gnoll hits you from afar with a +1 vorpal spear.
The gnoll hits you but does no damage.
Your Dodging skill increases to level 1!
You barely miss the kobold. The gnoll hits you but does no damage.
The gnoll hits you from afar with a +0 spear.
The kobold throws a stone.
The stone hits you but does no damage. The gnoll barely misses you.
The gnoll hits you from afar with a +1 vorpal spear.
You die...

~~~~~~~~~~~~~~~~~~~~~~~~~~#
~~~~~~~~~~~~~~#####~~~~~~~#
###############...#~~~~~~~#
...## ##......#...#~~~~~~~#
....###.......#...#
.....#........##)##
.....#.........).#
.....'...........#
.....#.........K@#
.....#........##K#
....###.......#gg$ ...##
##......#$g$# ####
########$$$# #####


You could see 2 gnolls, a hobgoblin and 2 kobolds.

Vanquished Creatures
  2 kobold brigands (D:3)
  4 gnolls (D:3)
  An adder (D:2)
  A worm (D:3)
  5 dart slugs
  2 orcs (D:3)
  4 endoplasms (D:1)
  3 giant cockroaches
  4 goblins
  6 hobgoblins
  A jackal (D:1)
  3 quokkas (D:1)
  8 ball pythons
  3 bats
  5 frilled lizards
  24 kobolds
  4 rats
80 creatures vanquished.

Notes
Turn   | Place    | Note
-------+----------+-------------------------------------------
     0 | D:1      | qw the Gargoyle Fighter began the quest for the Orb.
     0 | D:1      | Reached XP level 1. HP: 14/14 MP: 1/1
     0 | D:1      | 0 ||| qw: Version: 0.2-a-12-gaebbb33
     0 | D:1      | 0 ||| qw: Game counter: 851
     0 | D:1      | 0 ||| qw: Always use a shield: true
     0 | D:1      | 0 ||| qw: God list: Okawaru
     0 | D:1      | 0 ||| qw: Allow faded altars: false
     0 | D:1      | 0 ||| qw: Do Orc after D:15 true
     0 | D:1      | 0 ||| qw: Do second Lair branch before Depths: true
     0 | D:1      | 0 ||| qw: Lair rune preference: random
     0 | D:1      | 0 ||| qw: Plans: Normal, Zot:1-4, God:TSO, Crypt, Tomb,
                  | Pan, Slime:5, Hells, Abyss, Orb
     0 | D:1      | 0 ||| PLANNING D:1-11
    89 | D:1      | Reached skill level 2 in Axes
    92 | D:1      | Found a faded altar of an unknown god.
   191 | D:1      | Reached XP level 2. HP: 19/19 MP: 2/2
   428 | D:1      | 428 ||| Stepping ~*~*~tactically~*~*~ (hiding).
   453 | D:1      | Reached skill level 3 in Axes
   548 | D:1      | Reached XP level 3. HP: 23/23 MP: 3/3
   586 | D:1      | 586 ||| Stepping ~*~*~tactically~*~*~ (stealth).
   603 | D:1      | 603 ||| Stepping ~*~*~tactically~*~*~ (stealth).
   605 | D:1      | 605 ||| Stepping ~*~*~tactically~*~*~ (stealth).
   606 | D:1      | 606 ||| Stepping ~*~*~tactically~*~*~ (stealth).
   610 | D:1      | 610 ||| Stepping ~*~*~tactically~*~*~ (stealth).
   614 | D:1      | 614 ||| Stepping ~*~*~tactically~*~*~ (stealth).
   626 | D:1      | 626 ||| Stepping ~*~*~tactically~*~*~ (stealth).
   635 | D:1      | 635 ||| Stepping ~*~*~tactically~*~*~ (stealth).
   929 | D:1      | 929 ||| UPGRADING to +0 pair of gloves.
   934 | D:1      | 934 ||| READING 2 scrolls labelled COYLOJ BOICLIU.
   938 | D:1      | 938 ||| READING scroll labelled NYRCHU QOOF.
   939 | D:1      | 939 ||| READING scroll labelled YCSUC MIAROHAG.
   940 | D:1      | 940 ||| READING scroll labelled QEISUT DUPE.
   941 | D:1      | 941 ||| READING scroll labelled OJAUFI SARYMUA.
   942 | D:1      | 942 ||| READING scroll labelled TADYSCHENIXA.
   943 | D:1      | 943 ||| DRINKING 2 dark potions.
  1047 | D:1      | 1047 ||| DROPPING potion of berserk rage.
  1069 | D:2      | 1069 ||| Stepping ~*~*~tactically~*~*~ (stealth).
  1149 | D:2      | 1149 ||| Stepping ~*~*~tactically~*~*~ (stealth).
  1417 | D:2      | Reached XP level 4. HP: 28/28 MP: 4/4
  1659 | D:2      | Found a runed translucent door.
  1660 | D:2      | Noticed Crazy Yiuf
  1878 | D:2      | 1878 ||| Stepping ~*~*~tactically~*~*~ (hiding).
  2105 | D:2      | 2105 ||| DROPPING scarf of invisibility.
  2106 | D:2      | 2106 ||| UPGRADING to amulet of the acrobat.
  2111 | D:2      | 2111 ||| READING scroll labelled FEDDUHEOCVO.
  2112 | D:2      | 2112 ||| READING scroll labelled GUIT HOSYDADGHO.
  2113 | D:2      | 2113 ||| READING scroll labelled XEOPLO ORCH.
  2114 | D:2      | 2114 ||| READING scroll labelled ZOEGROY NUIGE.
  2115 | D:2      | 2115 ||| READING scroll labelled JORHUM IKLECIS.
  2116 | D:2      | 2116 ||| READING scroll labelled RUUXTU RATAN.
  2116 | D:2      | Identified a scroll of acquirement
  2116 | D:2      | 2116 ||| ACQUIRING +0 buckler of Cedun {rF+ Will+++}
  2116 | D:2      | Acquired the +0 buckler of Cedun {rF+ Will+++}
  2118 | D:2      | 2118 ||| UPGRADING to +0 buckler of Cedun {rF+ Will+++}.
  2128 | D:2      | 2128 ||| DROPPING +0 buckler.
  2155 | D:3      | 2155 ||| PLANNING SEWER
  2183 | D:3      | Reached skill level 4 in Axes
  2267 | D:3      | Found a glowing drain.
  2277 | D:3      | 2277 ||| READING scroll of teleportation.
  2293 | D:3      | Found a glowing golden altar of the Shining One.
  2296 | D:3      | Found a glowing silver altar of Zin.
  2300 | D:3      | Found a basalt altar of Yredelemnul.
  2411 | D:3      | Found an ancient bone altar of Kikubaaqudgha.
  2412 | D:3      | 2412 ||| Stepping ~*~*~tactically~*~*~ (hiding).
  2590 | D:3      | 2590 ||| FLEEEEING.
  2754 | D:3      | 2754 ||| RIP SEWER
  2763 | D:3      | 2763 ||| PLANNING D:1-11
  2875 | D:3      | Noticed a kobold brigand
  2890 | D:3      | Killed a kobold brigand
  2891 | D:3      | Reached XP level 5. HP: 20/32 MP: 5/5
  3024 | D:3      | 3024 ||| Stepping ~*~*~tactically~*~*~ (stealth).
  3025 | D:3      | 3025 ||| Stepping ~*~*~tactically~*~*~ (stealth).
  3046 | D:3      | Noticed a kobold brigand
  3051 | D:3      | Reached skill level 5 in Axes
  3053 | D:3      | 3053 ||| Stepping ~*~*~tactically~*~*~ (stealth).
  3054 | D:3      | 3054 ||| Stepping ~*~*~tactically~*~*~ (stealth).
  3060 | D:3      | 3060 ||| Stepping ~*~*~tactically~*~*~ (stealth).
  3061 | D:3      | 3061 ||| Stepping ~*~*~tactically~*~*~ (stealth).
  3062 | D:3      | 3062 ||| Stepping ~*~*~tactically~*~*~ (stealth).
  3072 | D:3      | Killed a kobold brigand
  3073 | D:3      | Reached XP level 6. HP: 16/39 MP: 6/6
  3073 | D:3      | 3073 ||| FLEEEEING.
  3074 | D:3      | 3074 ||| FLEEEEING.
  3075 | D:3      | 3075 ||| FLEEEEING.
  3076 | D:3      | 3076 ||| FLEEEEING.
  3078 | D:3      | 3078 ||| FLEEEEING.
  3079 | D:3      | 3079 ||| FLEEEEING.
  3080 | D:3      | 3080 ||| FLEEEEING.
  3081 | D:3      | 3081 ||| FLEEEEING.
  3082 | D:3      | 3082 ||| FLEEEEING.
  3083 | D:3      | 3083 ||| FLEEEEING.
  3084 | D:3      | 3084 ||| FLEEEEING.
  3085 | D:3      | 3085 ||| FLEEEEING.
  3086 | D:3      | 3086 ||| FLEEEEING.
  3087 | D:3      | 3087 ||| FLEEEEING.
  3088 | D:3      | 3088 ||| FLEEEEING.
  3089 | D:3      | 3089 ||| FLEEEEING.
  3090 | D:3      | 3090 ||| FLEEEEING.
  3091 | D:3      | 3091 ||| FLEEEEING.
  3092 | D:3      | 3092 ||| FLEEEEING.
  3093 | D:3      | 3093 ||| FLEEEEING.
  3094 | D:3      | 3094 ||| FLEEEEING.
  3095 | D:3      | 3095 ||| FLEEEEING.
  3096 | D:3      | 3096 ||| FLEEEEING.
  3097 | D:3      | 3097 ||| FLEEEEING.
  3098 | D:3      | 3098 ||| FLEEEEING.
  3099 | D:3      | 3099 ||| FLEEEEING.
  3100 | D:3      | 3100 ||| FLEEEEING.
  3101 | D:3      | 3101 ||| FLEEEEING.
  3102 | D:3      | 3102 ||| FLEEEEING.
  3103 | D:3      | 3103 ||| FLEEEEING.
  3104 | D:3      | 3104 ||| FLEEEEING.
  3105 | D:3      | 3105 ||| FLEEEEING.
  3106 | D:3      | 3106 ||| FLEEEEING.
  3107 | D:3      | 3107 ||| FLEEEEING.
  3108 | D:3      | 3108 ||| FLEEEEING.
  3109 | D:3      | 3109 ||| FLEEEEING.
  3110 | D:3      | 3110 ||| FLEEEEING.
  3111 | D:3      | 3111 ||| FLEEEEING.
  3112 | D:3      | 3112 ||| FLEEEEING.
  3113 | D:3      | 3113 ||| FLEEEEING.
  3114 | D:3      | 3114 ||| FLEEEEING.
  3115 | D:3      | 3115 ||| FLEEEEING.
  3116 | D:3      | 3116 ||| FLEEEEING.
  3117 | D:3      | 3117 ||| FLEEEEING.
  3118 | D:3      | 3118 ||| FLEEEEING.
  3119 | D:3      | 3119 ||| FLEEEEING.
  3120 | D:3      | 3120 ||| FLEEEEING.
  3121 | D:3      | 3121 ||| STAIRDANCE
  3274 | D:2      | 3274 ||| READING scroll labelled QOMNO ESMED.
  3275 | D:2      | 3275 ||| READING scroll labelled KENUCI NEJI.
  3334 | D:2      | 3334 ||| DRINKING 2 fizzy inky potions.
  3504 | D:3      | HP: 6/39 [gnoll/+1 vorpal spear (6)]
  3505 | D:3      | Reached skill level 1 in Dodging
  3505 | D:3      | HP: 1/39 [gnoll/+0 spear (3)]
  3505 | D:3      | Slain by a gnoll

Levels and vault maps discovered:
D:1:      minmay_arrival_pointy, layout_loops_ring,
          ebering_ecumenical_altar_rust, minmay_misc_feat_ornament, st_stairs_5
D:2:      layout_loops_ring, minmay_misc_feat_rugged, minmay_parallelograms,
          uniq_crazy_yiuf_cottage
D:3:      minmay_goblin_kobold_castle, layout_basic,
          grunt_temple_overflow_diamond, lemuel_crystal_altar,
          gup_sewer_entry_glass

Skill      XL: |  1  2  3  4  5  6 |
---------------+-------------------+-----
Axes           | 2 3 4 5 |  5.0
Fighting       | 4 |  4.5
Dodging        | 1 |  1.0
Armour         | |  3.2
Shields        | |  3.2

Action                   |  1- 3 |  4- 6 || total
-------------------------+-------+-------++-------
Melee: War axe           |    87 |   106 ||   193
  Use: Scroll            |     6 |     9 ||    15
       Potion            |     1 |     1 ||     2
Armor: Scale mail        |    39 |    63 ||   102
Dodge: Dodged            |    33 |    52 ||    85
Block: Buckler           |    12 |    17 ||    29

Table legend:
 A = Non-vault XP
 B = Vault XP
 C = Vault XP percentage of total XP
 D = Non-vault monster count
 E = Vault monster count
 F = Vault count percentage of total count
                 A         B        C        D         E       F
            +---------+---------+-------+---------+---------+-------
      Total |     111 |     286 |  72.0 |      53 |      27 |  33.8
            +---------+---------+-------+---------+---------+-------
        D:1 |      50 |       8 |  13.8 |      28 |       4 |  12.5
        D:2 |      38 |       0 |   0.0 |      15 |       0 |   0.0
        D:3 |      23 |     278 |  92.4 |      10 |      23 |  69.7
            +---------+---------+-------+---------+---------+-------
